 Dungeon Crawl Stone Soup version 0.14.1 (webtiles) character file.

267 Kae the Insei (level 5, -2/40 HPs)
             Began as a Draconian Transmuter on May 1, 2014.
             Slain by Eustachio the wyvern (7 damage)
             ... on Level 4 of the Dungeon.
             The game lasted 00:03:29 (3430 turns).

Kae the Insei (Draconian Transmuter)                Turns: 3430, Time: 00:03:29

HP  -2/40        AC  5     Str 12      XL: 5   Next:  7%
MP   8/9         EV 12     Int 13      God:
Gold 120         SH  0     Dex 13      Spells:  1 memorised,  7 levels left

rFire  . . .     SeeInvis .       - Unarmed
rCold  . . .     Clarity  .     (armour unavailable)
rNeg   . . .     Conserve .     (no shield)
rPois  .         rCorr    .     (helmet restricted)
rElec  .         rRot     .     (no cloak)
SustAb . .       Spirit   .     (no gloves)
rMut   .         Warding  .     (no boots)
Saprov . . .     Stasis   .     (no amulet)
MR     .....                    (no ring)
                                (no ring)

@: appendage (expiring), very slightly contaminated, not resistant to hostile
enchantments, unstealthy
A: unfitting armour, horns 2, AC +5
a: End Transformation


You were on level 4 of the Dungeon.
You were not hungry.
You had grown temporary horns.
You visited 1 branch of the dungeon, and saw 4 of its levels.

You collected 120 gold pieces.

Inventory:

Missiles
 b - 12 arrows
 x - 5 tomahawks
 y - 12 darts (quivered)
Magical devices
 v - a wand of random effects (7)
Comestibles
 a - 2 bread rations
 o - a meat ration
 w - a choko
 z - a chunk of worm flesh
Scrolls
 c - a scroll of immolation {unknown}
 g - 3 scrolls of remove curse {unknown}
 i - a scroll of enchant weapon II {unknown}
 k - 3 scrolls of identify {unknown}
 l - 2 scrolls of enchant weapon I {unknown}
 m - a scroll of noise {unknown}
 n - a scroll of teleportation {unknown}
 q - 2 scrolls of fear {unknown}
 r - 2 scrolls of enchant armour {unknown}
 u - a scroll of random uselessness {unknown}
Potions
 e - 2 potions of might {unknown}
 f - a potion of invisibility {unknown}
 h - 2 potions of heal wounds {unknown}
 j - 2 potions of curing {unknown}
 p - a potion of paralysis {unknown}
 s - a potion of agility {unknown}
 t - a potion of confusion {unknown}
Books
 d - a book of Changes

   Spells                             Type                      Level
   *Beastly Appendage                 Transmutation                1
   Sticks to Snakes                   Transmutation                2
   Spider Form                        Transmutation/Poison         3
   Ice Form                           Ice/Transmutation            4
   Blade Hands                        Transmutation                5


   Skills:
 - Level 1.1 Fighting
 - Level 1.7 Dodging
 * Level 4.9 Unarmed Combat
 - Level 2.0 Spellcasting
 + Level 3.5 Transmutations


You had 7 spell levels left.
You knew the following spells:

 Your Spells              Type           Power        Failure   Level  Hunger
a - Beastly Appendage     Trmt           ##....       8%          1    ##.....


Dungeon Overview and Level Annotations

Branches:
Dungeon (4/15)
 Temple: D:4-7

Altars:

Annotations:
D:4 Eustachio


Innate Abilities, Weirdness & Mutations

Your plain brown scales are hard (AC +5).
Your body does not fit into most forms of armour.
Your cold-blooded metabolism reacts poorly to cold.
You have a pair of horns on your head.


Message History

Eustachio is heavily wounded.
Eustachio closely misses you.
You barely miss Eustachio. You headbutt Eustachio.
Your tail-slap misses Eustachio.
Eustachio is severely wounded.
Your transformation is almost over.
Eustachio bites you! x2
* * * LOW HITPOINT WARNING * * *
You closely miss Eustachio.
Eustachio is severely wounded.
Eustachio bites you.
* * * LOW HITPOINT WARNING * * *
You barely miss Eustachio.
Your tail-slap misses Eustachio.
Eustachio is heavily wounded.
Eustachio closely misses you. Eustachio bites you.
* * * LOW HITPOINT WARNING * * *
You barely miss Eustachio.
Eustachio is heavily wounded.
Eustachio bites you!
You die...

. .... ... ..... ....
#.# ...... .... ...
....... ... ...
....... #.# #.#
.......###.#### #.#
....)..........# #.#
#...D@......# #.#
#...........# #.######
#...........###..)....
#.................####
#...........###...# #
############# #...# #
#...# # #...# # #...#
#


You could see Eustachio the wyvern.

Vanquished Creatures
  An orc priest (D:3)
  2 adders (D:2)
  2 worms
  5 giant geckos
  An ooze (D:2)
  9 orcs (D:3)
  6 giant cockroaches
  9 goblins
  5 hobgoblins
  A ball python (D:2)
  11 bats
  4 giant newts
  A giant newt skeleton (D:4)
  7 jackals
  4 kobolds
  An orc skeleton (D:3)
  10 rats
79 creatures vanquished.

Notes
Turn   | Place    | Note
--------------------------------------------------------------
     0 | D:1      | Kae, the Draconian Transmuter, began the quest for the Orb.
     0 | D:1      | Reached XP level 1. HP: 16/16 MP: 3/3
   145 | D:1      | Reached XP level 2. HP: 12/23 MP: 4/4
  1163 | D:2      | Reached XP level 3. HP: 26/28 MP: 4/6
  1535 | D:2      | Reached skill level 4 in Unarmed Combat
  2237 | D:3      | Reached XP level 4. HP: 35/35 MP: 7/7
  3347 | D:3      | Reached XP level 5. HP: 30/40 MP: 9/9
  3415 | D:4      | Noticed Eustachio
  3422 | D:4      | Noticed Eustachio
  3422 | D:4      | Eustachio changed into Eustachio the wyvern
  3430 | D:4      | Slain by Eustachio the wyvern

Action                   |  1- 3 |  4- 6 || total
-------------------------+-------+-------++-------
Melee: Unarmed           |   150 |   130 ||   280
 Cast: Beastly Appendage |     9 |     8 ||    17
Evoke: Wand              |       |     2 ||     2
 Stab: Distracted        |     1 |       ||     1
